 Dungeon Crawl Stone Soup version 0.31-a0-187-gba352fbbf7 (webtiles) character file.

Game seed: 9980925034422040631

3234 qw the Markself (level 9, -20/52 HPs)
             Began as a Deep Elf Hunter on June 22, 2023.
             Was an Initiate of Okawaru.
             Killed from afar by Maggie (23 damage)
             ... with a bolt of fire
             ... on level 8 of the Dungeon.
             The game lasted 00:02:28 (5553 turns).

qw the Markself (Deep Elf Hunter)                   Turns: 5553, Time: 00:02:28

Health: -20/52     AC: 11    Str: 12    XL:     9   Next: 66%
Magic:  9/11       EV: 20    Int: 15    God:    Okawaru [......]
Gold:   525        SH:  0    Dex: 24    Spells: 8/8 levels left

rFire   . . .        q - +1 longbow (elec)
rCold   . . .        (shield currently unavailable)
rNeg    . . .        e - +0 ring mail
rPois   .            (no helmet)
rElec   .            o - +0 cloak
rCorr   .            (no gloves)
SInv    +            i - +2 pair of boots
Will    .....        (no amulet)
Stlth   +++          d - +6 ring of dexterity
HPRegen 0.28/turn    c - ring of see invisible
MPRegen 0.12/turn

%: no passive effects
@: about to teleport, heroic
A: no striking features
a: Renounce Religion


You were on level 8 of the Dungeon.
You worshipped Okawaru.
Okawaru was noncommittal.
You visited 2 branches of the dungeon, and saw 9 of its levels.

You collected 583 gold pieces.
You spent 58 gold pieces at shops.


   Skills:
 - Level 4.3(9.3) Fighting
 + Level 15.0(20.0) Ranged Weapons
 - Level 1.7(6.7) Armour
 - Level 7.3(12.3) Dodging
 - Level 1.2(6.2) Stealth
 - Level 0.4 Invocations


You had 8 spell levels left.
You didn't know any spells.
Your spell library was empty.

Inventory:

Hand Weapons
 q - a +1 longbow of electrocution (weapon)
Armour
 e - a +0 ring mail (worn)
 i - a +2 pair of boots (worn)
 o - a +0 cloak (worn)
Jewellery
 c - a ring of see invisible (right hand)
 d - a +6 ring of dexterity (left hand)
 n - a ring of protection from cold
Wands
 m - a wand of digging (7)
Scrolls
 a - a scroll of identify
 g - 7 scrolls of teleportation
Potions
 f - a potion of resistance
 h - a potion of curing
 j - 2 potions of enlightenment
 k - 2 potions of haste
 l - a potion of might
 p - a potion of heal wounds

Dungeon Overview and Level Annotations

Branches:
Dungeon (8/15)             Temple (1/1) D:6
   Lair: D:8-11

Altars:
Ashenzari
Cheibriados
Dithmenos
Elyvilon
Fedhas
Gozag
Hepliaklqana
Kikubaaqudgha
Nemelex Xobeh
Okawaru
Qazlal
Ru
Sif Muna
Trog
Uskayaw
Vehumet
Xom
Yredelemnul
Zin
The Shining One

Shops:
D:2 *   D:6 *

Annotations:
D:6 2 transporters, qw's ghost, novice DEHu
D:8 Maggie


Message History

q - a +1 longbow of electrocution (weapon)
5526 ||| DROPPING +1 heavy orcbow.
You drop a +1 heavy orcbow.
Done exploring.
(D) Dungeon (T) Temple
Where to? (* - list waypoints, Enter - D:7, ? - help)
What level of the Dungeon? (default 1, ? - help)
There is a stone staircase leading down here.
You climb downwards.
There is a stone staircase leading up here.
Waypoint 8 assigned to D:8.
Found a leather armour.
Maggie the Vainglorious comes into view.
She is wielding a +2 halberd of flaming and carrying a wand of roots (12).
Maggie shouts!
You hear a shout!
Maggie moves out of view.
Maggie is nearby!
You shoot an arrow. The arrow hits Maggie!
Lightning courses through Maggie!
Maggie is heavily wounded.
You shoot an arrow. The arrow barely misses Maggie.
You shoot an arrow. The arrow hits Maggie!
Maggie is severely wounded.
You shoot an arrow.
The arrow hits Maggie but does no damage.
Maggie is severely wounded.
Maggie hits you from afar with a +2 halberd of flaming!
Maggie burns you!
Maggie mumbles some strange words.
Maggie attempts to bespell you!
You are mesmerised by Maggie!
You are no longer entranced.
5552 ||| INVOKING Heroism.
You gain the combat prowess of a mighty hero.
You can no longer gain great but temporary skills.
Maggie casts a spell at you. The bolt of fire hits you!!
5553 ||| READING 8 scrolls of teleportation.
As you read the scroll of teleportation, it crumbles to dust.
You feel strangely unstable. Maggie gestures at you while chanting.
The bolt of fire hits you!!
You die...

#....# ##..##
.. ##..##
.... #..##
.....#####.##
#...@#..#
###....##
####.# #@#
#..# ##.# .#
#. .# .. #.#


You could see Maggie.

Vanquished Creatures
  A wyvern (D:6)
  A wraith (D:7)
  Sigmund (D:5)
  A steam dragon (D:7)
  3 water moccasins
  An ice beast (D:7)
  2 sky beasts (D:7)
  7 black bears
  An ogre (D:4)
  A kobold brigand (D:7)
  4 bullfrogs
  3 scorpions
  3 jellies
  3 hounds
  2 orc priests (D:6)
  3 iguanas
  2 sleepcaps (D:5)
  4 orc wizards
  Ijyb (D:4)
  4 gnolls (D:5)
  9 adders
  2 shadow imps
  4 white imps
  An ufetubus (D:7)
  4 worms
  2 dart slugs
  13 orcs
  5 ball pythons
  6 bats
  6 endoplasms
  3 giant cockroaches
  35 goblins
  28 hobgoblins
  2 jackals (D:4)
  4 quokkas
  9 kobolds
  11 rats
192 creatures vanquished.

Notes
Turn   | Place    | Note
-------+----------+-------------------------------------------
     0 | D:1      | qw the Deep Elf Hunter began the quest for the Orb.
     0 | D:1      | Reached XP level 1. HP: 12/12 MP: 3/3
     0 | D:1      | 0 ||| qw: Version: 0.3-a-9-g12657ce
     0 | D:1      | 0 ||| qw: Game counter: 2498
     0 | D:1      | 0 ||| qw: Always use a shield: true
     0 | D:1      | 0 ||| qw: God list: Okawaru
     0 | D:1      | 0 ||| qw: Allow faded altars: false
     0 | D:1      | 0 ||| qw: Do Orc after D:15 true
     0 | D:1      | 0 ||| qw: Do second Lair branch before Depths: true
     0 | D:1      | 0 ||| qw: Lair rune preference: random
     0 | D:1      | 0 ||| qw: Plans: Normal
     0 | D:1      | 0 ||| PLANNING D:1-11
   205 | D:1      | Found a faded altar of an unknown god.
   264 | D:1      | Reached skill level 6 in Ranged Weapons
   264 | D:1      | Reached XP level 2. HP: 16/16 MP: 4/4
   753 | D:1      | 753 ||| UPGRADING to +0 ring mail.
   763 | D:1      | 763 ||| DROPPING +0 leather armour.
   764 | D:1      | 764 ||| UPGRADING to +2 pair of boots.
   769 | D:1      | 769 ||| READING 3 scrolls labelled BUVUHO BAMIWKA.
   770 | D:1      | 770 ||| READING 3 scrolls labelled JIKHLA QERIRR.
   774 | D:1      | 774 ||| READING scroll labelled ACIVEINEUPN.
   775 | D:1      | 775 ||| READING scroll labelled PIRAOKI COGIFU.
   805 | D:1      | 805 ||| DRINKING 2 blue potions.
   806 | D:1      | 806 ||| READING 2 scrolls of identify.
   806 | D:1      | 806 ||| IDENTIFYING red potion
   807 | D:1      | 807 ||| DROPPING scroll of butterflies.
   856 | D:2      | Found Coineysa's Assorted Antiques.
   872 | D:2      | 872 ||| SWAPPING to +0 orcbow.
   873 | D:2      | 873 ||| DROPPING +1 shortbow.
   875 | D:2      | 875 ||| BUYING 2 glowing dark potions (39 gold).
   875 | D:2      | Bought 2 glowing dark potions for 39 gold pieces
   875 | D:2      | 875 ||| SHOPLISTING 2 scrolls labelled OFEIKI SIUZXI (44
                  | gold, have 24).
   875 | D:2      | 875 ||| BUYING fuming green potion (19 gold).
   875 | D:2      | Bought a fuming green potion for 19 gold pieces
   875 | D:2      | 875 ||| SHOPLISTING large amethyst amulet (110 gold, have
                  | 5).
   875 | D:2      | 875 ||| SHOPLISTING scroll labelled MOUVVUCL BENI (22 gold,
                  | have 5).
   875 | D:2      | 875 ||| SHOPLISTING scroll labelled OFEIKI SIUZXI (22 gold,
                  | have 5).
   875 | D:2      | 875 ||| SHOPLISTING scroll of teleportation (66 gold, have
                  | 5).
  1003 | D:2      | Reached XP level 3. HP: 20/20 MP: 5/5
  1285 | D:2      | 1285 ||| UPGRADING to +0 cloak.
  1290 | D:2      | 1290 ||| READING scroll labelled LAUSERUSTO.
  1291 | D:2      | 1291 ||| READING scroll labelled GOANIUDUNA.
  1292 | D:2      | 1292 ||| DRINKING 2 glowing dark potions.
  1328 | D:2      | 1328 ||| READING 3 scrolls of identify.
  1328 | D:2      | 1328 ||| IDENTIFYING fuming green potion
  1329 | D:2      | 1329 ||| READING 2 scrolls of identify.
  1329 | D:2      | 1329 ||| IDENTIFYING sapphire potion
  1330 | D:2      | 1330 ||| DROPPING potion of lignification.
  1331 | D:2      | 1331 ||| DROPPING potion of degeneration.
  1332 | D:2      | 1332 ||| DROPPING potion of ambrosia.
  1382 | D:3      | 1382 ||| STAIRDANCE
  1388 | D:2      | HP: 5/20 [poisoned by an adder]
  1389 | D:2      | Reached skill level 7 in Ranged Weapons
  1774 | D:3      | 1774 ||| DRINKING 2 fizzy black potions.
  1775 | D:3      | 1775 ||| DRINKING 2 yellow potions.
  1776 | D:3      | 1776 ||| READING 3 scrolls of identify.
  1776 | D:3      | 1776 ||| IDENTIFYING brown potion
  1777 | D:3      | 1777 ||| READING 2 scrolls of identify.
  1777 | D:3      | 1777 ||| IDENTIFYING glowing brown potion
  1778 | D:3      | 1778 ||| DROPPING potion of magic.
  1779 | D:3      | 1779 ||| DROPPING potion of invisibility.
  1792 | D:4      | Noticed Ijyb
  1798 | D:4      | 1798 ||| DRINKING potion of curing.
  1798 | D:4      | 1798 ||| (to cure confusion)
  1813 | D:4      | Killed Ijyb
  1814 | D:4      | Reached XP level 4. HP: 15/25 MP: 6/6
  1899 | D:4      | Reached skill level 8 in Ranged Weapons
  1911 | D:4      | Noticed a black bear
  1916 | D:4      | Killed a black bear
  1917 | D:4      | Reached skill level 9 in Ranged Weapons
  1917 | D:4      | Reached XP level 5. HP: 23/29 MP: 7/7
  1986 | D:4      | Identified the +7 dagger of the First Places {drain, Int+3}
  2006 | D:4      | Noticed an ogre
  2014 | D:4      | Killed an ogre
  2015 | D:4      | Reached skill level 1 in Armour
  2015 | D:4      | Reached XP level 6. HP: 17/36 MP: 8/8
  2049 | D:4      | 2049 ||| FLEEEEING.
  2050 | D:4      | 2050 ||| FLEEEEING.
  2051 | D:4      | 2051 ||| FLEEEEING.
  2052 | D:4      | 2052 ||| FLEEEEING.
  2053 | D:4      | 2053 ||| STAIRDANCE
  2087 | D:3      | 2087 ||| READING scroll labelled AGEAH FEWNU.
  2454 | D:4      | 2454 ||| UPGRADING to ring of see invisible.
  2455 | D:4      | 2455 ||| UPGRADING to ring of protection from cold.
  2456 | D:4      | 2456 ||| READING 3 scrolls of identify.
  2456 | D:4      | 2456 ||| IDENTIFYING coppery potion
  2457 | D:4      | 2457 ||| DROPPING potion of attraction.
  2460 | D:5      | Entered Level 5 of the Dungeon
  2471 | D:5      | Reached skill level 10 in Ranged Weapons
  2513 | D:5      | Reached XP level 7. HP: 40/40 MP: 9/9
  2521 | D:5      | Reached skill level 3 in Dodging
  2646 | D:5      | 2646 ||| Stepping ~*~*~tactically~*~*~ (outnumbered).
  2855 | D:5      | Reached skill level 11 in Ranged Weapons
  2978 | D:5      | 2978 ||| Stepping ~*~*~tactically~*~*~ (water).
  3036 | D:5      | 3036 ||| FLEEEEING.
  3037 | D:5      | 3037 ||| FLEEEEING.
  3038 | D:5      | 3038 ||| FLEEEEING.
  3039 | D:5      | 3039 ||| FLEEEEING.
  3040 | D:5      | 3040 ||| FLEEEEING.
  3041 | D:5      | 3041 ||| FLEEEEING.
  3042 | D:5      | 3042 ||| FLEEEEING.
  3080 | D:5      | Noticed Sigmund
  3085 | D:5      | Killed Sigmund
  3086 | D:5      | Reached skill level 12 in Ranged Weapons
  3088 | D:5      | 3088 ||| FLEEEEING.
  3089 | D:5      | 3089 ||| FLEEEEING.
  3093 | D:5      | Reached XP level 8. HP: 36/45 MP: 10/10
  3387 | D:5      | Reached skill level 3 in Fighting
  3675 | D:5      | 3675 ||| UPGRADING to +6 ring of dexterity.
  3677 | D:5      | 3677 ||| UPGRADING to ring of see invisible.
  3699 | D:6      | 3699 ||| PLANNING SEWER
  3720 | D:6      | Found a glowing silver altar of Zin.
  3841 | D:6      | Found a blossoming altar of Fedhas.
  3847 | D:6      | Reached skill level 13 in Ranged Weapons
  3890 | D:6      | Found a transporter.
  3895 | D:6      | Noticed qw's ghost (novice DEHu)
  3899 | D:6      | Found a transporter.
  3926 | D:6      | Found an opulent altar of Gozag.
  3930 | D:6      | Found Gozag's Platinum Reserve.
  3939 | D:6      | 3939 ||| SHOPLISTING ring of Atzeim {Dex+8 SInv} (3880
                  | gold, have 404).
  3939 | D:6      | 3939 ||| SHOPLISTING ring of Satisfaction {rF- rC+ Will+
                  | Str+3 Dex+5} (4740 gold, have 404).
  4005 | D:6      | Found a staircase to the Ecumenical Temple.
  4193 | D:6      | Found a hazy altar of Hepliaklqana.
  4243 | D:6      | Reached skill level 14 in Ranged Weapons
  4274 | D:6      | Reached skill level 6 in Dodging
  4274 | D:6      | Reached XP level 9. HP: 44/50 MP: 11/11
  4410 | D:6      | 4410 ||| Stepping ~*~*~tactically~*~*~ (water).
  4416 | D:6      | 4416 ||| RIP SEWER
  4421 | D:6      | 4421 ||| PLANNING TEMPLE
  4439 | D:6      | 4439 ||| READING scroll labelled JIM IHOSTRA.
  4440 | D:6      | 4440 ||| DRINKING 3 fuming grey potions.
  4441 | D:6      | 4441 ||| READING 2 scrolls of identify.
  4441 | D:6      | 4441 ||| IDENTIFYING purple potion
  4514 | Temple   | Entered the Ecumenical Temple
  4595 | Temple   | 4595 ||| PLANNING OKAWARU WORSHIP
  4661 | Temple   | Became a worshipper of Warmaster Okawaru
  4662 | Temple   | 4662 ||| PLANNING D:1-11
  4822 | D:6      | 4822 ||| Stepping ~*~*~tactically~*~*~ (water).
  5003 | D:7      | 5003 ||| READING scroll of enchant weapon.
  5003 | D:7      | 5003 ||| ENCHANTING +0 heavy orcbow.
  5052 | D:7      | Identified the +0 spear "Giant's Demise" {venom, Int+2
                  | Dex+3}
  5142 | D:7      | Reached skill level 15 in Ranged Weapons
  5210 | D:7      | Reached * piety under Okawaru
  5233 | D:7      | 5233 ||| INVOKING Heroism.
  5523 | D:7      | 5523 ||| READING scroll labelled GUESOY NEH MOH.
  5523 | D:7      | Identified a scroll of acquirement
  5523 | D:7      | 5523 ||| ACQUIRING +1 longbow of electrocution
  5523 | D:7      | Acquired a +1 longbow of electrocution
  5525 | D:7      | 5525 ||| SWAPPING to +1 longbow of electrocution.
  5526 | D:7      | 5526 ||| DROPPING +1 heavy orcbow.
  5543 | D:8      | Noticed Maggie
  5552 | D:8      | 5552 ||| INVOKING Heroism.
  5552 | D:8      | HP: 3/52 [Maggie/bolt of fire (24)]
  5553 | D:8      | 5553 ||| READING 8 scrolls of teleportation.
  5553 | D:8      | Killed from afar by Maggie

Levels and vault maps discovered:
D:1:      moated_graveyard_arrival, layout_basic, basic_ecumenical_altar
D:2:      layout_rooms, serial_shops, nicolae_shop_tiny_waterfront,
          minmay_hexomino_u4
D:3:      layout_rooms
D:4:      layout_cave_pools, uniq_ijyb
D:5:      minmay_goblin_kobold_castle, layout_basic, uniq_sigmund
D:6:      layout_rooms, mainiacjoe_overflow_catwalk_spiral, fedhas_altar_2,
          nicolae_gozag_zags_fifth_avenue, minmay_temple_entry_proselytizer,
          gammafunk_ghost_hive, gup_sewer_entry_spiral
D:7:      layout_basic
D:8:      layout_cave_pods, nzn_wu_jian_council_hall, serial_shops,
          shop_fountains, uniq_maurice, uniq_psyche, uniq_erica, uniq_maggie,
          uniq_joseph
Temple:   nicolae_temple_elliptical

Skill      XL: |  1  2  3  4  5  6  7  8  9 |
---------------+----------------------------+-----
Ranged Weapons | 6 7 9 10 12 14 15 | 15.0
Fighting       | 2 3 4 |  4.3
Armour         | 1 |  1.7
Dodging        | 3 6 7 |  7.3
Stealth        | |  1.2
Invocations    | |  0.4

Action                     |  1- 3 |  4- 6 |  7- 9 || total
---------------------------+-------+-------+-------++-------
   Fire: Shortbow          |    31 |       |       ||    31
         Orcbow            |    86 |    61 |   291 ||   438
         Longbow           |       |       |     4 ||     4
 Invoke: Heroism           |       |       |     2 ||     2
    Use: Scroll            |    11 |     2 |     5 ||    18
         Potion            |     5 |       |     1 ||     6
 Armour: Leather armour    |     1 |       |       ||     1
         Ring mail         |    25 |     5 |    49 ||    79
  Dodge: Dodged            |    32 |    14 |   105 ||   151

Table legend:
 A = Non-vault XP
 B = Vault XP
 C = Vault XP percentage of total XP
 D = Non-vault monster count
 E = Vault monster count
 F = Vault count percentage of total count
                 A         B        C        D         E       F
            +---------+---------+-------+---------+---------+-------
      Total |    4141 |     480 |  10.4 |     119 |      73 |  38.0
            +---------+---------+-------+---------+---------+-------
        D:1 |      19 |       0 |   0.0 |      10 |       0 |   0.0
        D:2 |      45 |       7 |  13.5 |      16 |       4 |  20.0
        D:3 |      16 |       0 |   0.0 |      11 |       0 |   0.0
        D:4 |     572 |      33 |   5.5 |      15 |       1 |   6.2
        D:5 |     472 |     377 |  44.4 |      16 |      60 |  78.9
        D:6 |    1361 |      63 |   4.4 |      26 |       8 |  23.5
        D:7 |    1656 |       0 |   0.0 |      25 |       0 |   0.0
            +---------+---------+-------+---------+---------+-------
